Map: World of Sleepers LE

Players

llllllllllll (Trap) - Winner!

  • Race: Protoss Protoss
  • League: Master
  • Spawn Location: 1:00

lllllllllll (sOs)

  • Race: Protoss Protoss
  • League: Grandmaster
  • Spawn Location: 7:00

VOD

Have the link to the VOD?

Description

Time

  • Played on: Jan. 16, 2020, 6:18 a.m.
  • Length: 8:37
Show
View Real Time Build Order
Export as new Build Order

llllllllllll Protoss - Winner!

Build Orders:  

Get SALT Encoding   

  12  0:00  Probe  
  13  0:12  Probe  
  14  0:17  Pylon  
  14  0:24  Probe (Chrono Boost)  
  15  0:36  Probe (Chrono Boost), Gateway  
  16  0:45  Probe (Chrono Boost), Assimilator  
  17  0:50  Probe  
  17  0:54  Assimilator  
  18  1:03  Probe (Chrono Boost)  
  19  1:07  Gateway  
  19  1:13  Probe (Chrono Boost)  
  19  1:17  Probe (Chrono Boost)  
  20  1:23  Cybernetics Core  
  21  1:29  Probe  
  22  1:40  Pylon  
  22  1:41  Probe  
  23  1:56  Warp Gate (Chrono Boost)  
  23  1:58  Probe  
  23  2:00  Stalker  
  28  2:17  Pylon  
  28  2:30  Stalker  
  28  2:31  Sentry  
  29  2:41  Nexus  
  29  2:43  Probe  
  30  2:49  Pylon  
  30  2:55  Probe  
  31  3:01  Stalker  
  31  3:04  Sentry  
  35  3:08  Probe  
  36  3:13  Pylon  
  36  3:21  Shield Battery  
  36  3:26  Probe  
  37  3:35  Robotics Facility  
  37  3:41  Shield Battery  
  37  3:42  Probe  
  38  3:52  Stalker  
  38  3:53  Sentry  
  42  4:02  Probe x2 (Chrono Boost)  
  44  4:14  Probe x2 (Chrono Boost)  
  46  4:17  Adept x2  
  46  4:19  Probe x2 (Chrono Boost)  
  52  4:25  Observer  
  52  4:28  Probe x2  
  52  4:30  Twilight Council  
  55  4:39  Assimilator  
  55  4:40  Probe x2  
  55  4:41  Assimilator  
  57  4:47  Immortal (Chrono Boost)  
  61  4:53  Pylon  
  61  4:55  Probe  
  62  5:05  Pylon  
  62  5:06  Resonating Glaives (Chrono Boost)  
  62  5:11  Probe  
  63  5:15  Probe  
  64  5:24  Gateway x2  
  64  5:27  Immortal (Chrono Boost)  
  68  5:41  Gateway  
  68  5:45  Gateway  
  68  5:46  Gateway  
  68  5:56  Gateway  
  64  6:00  Adept  
  64  6:01  Adept  
  64  6:02  Warp Prism (Chrono Boost)  
  70  6:10  Pylon  
  70  6:11  Pylon  
  70  6:18  Pylon  
  70  6:29  Immortal (Chrono Boost)  
  70  6:51  Adept x6  
  70  6:52  Adept x2  
  80  6:59  Immortal (Chrono Boost)  
  82  7:13  Adept x3, Sentry x3  
  82  7:14  Adept  
  96  7:17  Adept  
  98  7:23  Pylon  
  98  7:25  Pylon  
  98  7:42  Adept  
  98  7:43  Adept x5  
  110  7:48  Adept  
  107  8:05  Adept x6  
  113  8:15  Adept x2  
  101  8:26  Adept x4  
  99  8:32  Adept  
Show
View Real Time Build Order
Export as new Build Order

lllllllllll Protoss 

Build Orders: Blink Stalkers, Zealot Archon 

Get SALT Encoding   

  12  0:00  Probe  
  13  0:12  Probe  
  14  0:16  Pylon  
  14  0:25  Probe (Chrono Boost)  
  16  0:37  Probe (Chrono Boost)  
  16  0:38  Gateway  
  16  0:43  Probe (Chrono Boost)  
  16  0:45  Assimilator  
  17  0:51  Probe  
  18  1:03  Probe (Chrono Boost)  
  19  1:09  Assimilator  
  19  1:15  Probe (Chrono Boost), Gateway  
  20  1:21  Probe (Chrono Boost)  
  21  1:26  Cybernetics Core  
  21  1:29  Probe  
  22  1:37  Pylon  
  22  1:41  Probe  
  23  1:55  Probe  
  24  2:01  Stalker  
  24  2:03  Warp Gate, Stalker  
  28  2:12  Pylon  
  28  2:25  Shield Battery  
  28  2:31  Stalker  
  28  2:33  Stalker  
  32  2:43  Twilight Council  
  31  3:07  Probe  
  31  3:08  Nexus  
  32  3:19  Probe  
  33  3:23  Blink  
  33  3:26  Sentry  
  35  3:32  Probe (Chrono Boost)  
  36  3:35  Pylon  
  36  3:44  Probe (Chrono Boost)  
  37  3:50  Probe (Chrono Boost)  
  38  3:59  Probe (Chrono Boost)  
  38  4:00  Forge  
  38  4:02  Phoenix  
  39  4:06  Sentry  
  42  4:11  Probe (Chrono Boost)  
  42  4:18  Probe (Chrono Boost)  
  42  4:22  Probe (Chrono Boost)  
  44  4:29  Protoss Ground Weapons Level 1 (Chrono Boost)  
  44  4:30  Probe (Chrono Boost)  
  46  4:31  Probe (Chrono Boost)  
  46  4:37  Probe (Chrono Boost)  
  47  4:40  Probe (Chrono Boost)  
  47  4:43  Stalker x2  
  52  4:50  Assimilator  
  52  4:51  Probe (Chrono Boost)  
  52  4:52  Assimilator  
  54  4:53  Probe (Chrono Boost)  
  54  4:56  Probe (Chrono Boost)  
  55  5:01  Probe  
  56  5:08  Probe  
  56  5:10  Pylon  
  56  5:13  Probe  
  58  5:15  Phoenix, Stalker x2  
  58  5:18  Robotics Facility  
  62  5:23  Pylon  
  62  5:24  Charge  
  62  5:27  Pylon  
  62  5:28  Probe  
  63  5:39  Phoenix  
  63  5:41  Probe  
  64  5:43  Stalker x2  
  64  5:44  Probe  
  66  5:54  Probe  
  66  5:57  Probe  
  65  6:02  Gateway  
  65  6:03  Gateway  
  65  6:06  Probe, Observer  
  68  6:12  Templar Archives  
  68  6:17  Gateway  
  69  6:19  Gateway  
  69  6:23  Gateway  
  67  6:31  Gateway  
  67  6:45  Stalker x2  
  69  6:51  Probe (Chrono Boost)  
  69  6:52  Probe (Chrono Boost)  
  65  6:58  Gateway  
  65  6:59  Gateway  
  65  7:00  Gateway  
  67  7:01  Probe (Chrono Boost)  
  67  7:02  Probe (Chrono Boost)  
  67  7:05  High Templar x2  
  67  7:06  Probe x2 (Chrono Boost)  
  72  7:11  Archon  
  72  7:13  High Templar x2  
  77  7:21  Photon Cannon, Shield Battery  
  77  7:27  High Templar x2  
  77  7:29  Pylon  
  81  7:34  Archon  
  81  7:35  Archon, Zealot  
  81  7:36  Zealot  
  85  7:37  Pylon  
  85  7:40  Pylon, Photon Cannon  
  81  7:58  Zealot x5  
  81  7:59  Zealot  
  81  8:05  High Templar x2  
  91  8:09  Archon  
  83  8:15  Zealot x2  
  71  8:21  Zealot x4  
Tags
 
Add a new tag
Caveats
  • Supply blocks, unpowered buildings, or Contaminate may cause inaccurate times.
  • Supply counts are checked every 10 seconds.